 Dungeon Crawl Stone Soup version 0.27-a0-1500-g450c7e4133 (webtiles) character file.

Game seed: 16393177150621511628

257 Tocho the Chopper (level 5, -1/44 HPs)
             Began as a Palentonga Fighter on July 7, 2021.
             Slain by an ogre (20 damage)
             ... on level 4 of the Dungeon.
             The game lasted 00:09:18 (3701 turns).

Tocho the Chopper (Palentonga Fighter)              Turns: 3701, Time: 00:09:19

Health: -1/44      AC:  9    Str: 26    XL:     5   Next: 93%
Magic:  5/5        EV:  6    Int:  9    God:
Gold:   191        SH:  0    Dex:  9    Spells: 4/4 levels left

rFire    . . .     SeeInvis +   a - +1 war axe
rCold    . . .     Faith    .   (no shield)
rNeg     . . .     Spirit   .   h - +0 chain mail
rPois    .         Reflect  .   f - +0 helmet
rElec    .         Harm     .   (no cloak)
rCorr    .         Rampage  .   (no gloves)
Will     .....                  (no barding)
Stlth    ..........             (no amulet)
HPRegen  0.14/turn              e - +6 ring of strength
MPRegen  0.09/turn              (no ring)

@: very slow
A: large, rugged brown scales 3, see invisible, deformed body, roll 1, armoured
tail
a: Rolling Charge


You were on level 4 of the Dungeon.
You visited 2 branches of the dungeon, and saw 5 of its levels.

You collected 191 gold pieces.

Inventory:

Hand Weapons
 a - a +1 war axe (weapon)
Missiles
 p - 11 poisoned darts
Armour
 c - a +0 kite shield
 f - a +0 helmet (worn)
 h - a +0 chain mail (worn)
Jewellery
 e - a +6 ring of strength (left hand)
Scrolls
 l - a scroll of blinking {unknown}
 m - a scroll of identify {unknown}
 q - a scroll of brand weapon {unknown}
Potions
 b - a potion of magic {unknown}
 d - a potion of might
 g - a potion of heal wounds {unknown}
 i - 2 potions of curing {unknown}
 j - 2 potions of resistance {unknown}
 k - a potion of lignification {unknown}
 n - a potion of degeneration {unknown}
 o - 3 potions of mutation {unknown}


   Skills:
 + Level 3.7 Fighting
 * Level 4.6 Axes
 + Level 3.2 Armour
 + Level 1.0 Dodging
 + Level 2.7 Shields


You had 4 spell levels left.
You didn't know any spells.
Your spell library was empty.

Dungeon Overview and Level Annotations

Branches:
Dungeon (4/15)             Temple (1/1) D:4

Altars:
Ashenzari
Cheibriados
Dithmenos
Elyvilon
Fedhas
Gozag
Hepliaklqana
Kikubaaqudgha
Makhleb
Nemelex Xobeh
Okawaru
Qazlal
Ru
Sif Muna
Trog
Uskayaw
Vehumet
Wu Jian
Xom
Yredelemnul
Zin
The Shining One


Innate Abilities, Weirdness & Mutations

You are completely covered in rugged brown scales. (AC +3, +7% HP)
You have supernaturally acute eyesight. (SInv)
Armour fits poorly on your strangely shaped body.
You can roll at nearby foes to attack.
You have a long armoured tail.


Message History

Okay, then.
Found a blossoming altar of Fedhas.
Found an escape hatch in the ceiling and an escape hatch in the floor.
There is a fountain of clear blue water here.
There is a staircase to the Ecumenical Temple here.
You climb downwards.
Welcome back to the Ecumenical Temple!
There is a staircase back to the Dungeon here.
You start resting.
HP restored.
You start waiting.
Done waiting.
You climb upwards.
Welcome back to the Dungeon!
The ogre hits you with a +0 giant spiked club!!
Ouch! That really hurt!
The goblin hits you with a +0 dagger.
There is a staircase to the Ecumenical Temple, spattered with blood here.
The goblin hits you but does no damage. The goblin hits you with a +0 dagger.
There is a dry fountain here.
The goblin hits you but does no damage.
You hit the goblin.
You kill the goblin!
There is a fountain of clear blue water here.
There is a staircase to the Ecumenical Temple, spattered with blood here.
You climb downwards.
Welcome back to the Ecumenical Temple!
There is a staircase back to the Dungeon here.
You start resting.
HP restored.
You climb upwards.
Welcome back to the Dungeon!
The ogre hits you with a +0 giant spiked club!!
Ouch! That really hurt!
The ogre hits you with a +0 giant spiked club.
There is a staircase to the Ecumenical Temple, spattered with blood here.
There is a dry fountain here.
Things that are here:
a +0 dagger; a goblin corpse You enter the shallow water.
Moving in this stuff is going to be slow.
The ogre hits you with a +0 giant spiked club!!
You die...

#......####.................⌠
##.....................##.....
####...##.................##...##
......#####.........≈≈≈........#
.....## ##......≈≈≈≈≈≈≈......##
#...## #.....≈≈≈≈≈≈≈≈≈.......
##..# #....≈≈≈≈≈≈≈≈≈≈≈..#... #..#
#...O≈≈≈≈..P≈≈≈≈...... #..#
##..≈@≈≈PPPP.≈≈≈≈..... #..#
#..≈≈≈≈<._.>≈≈≈≈ .... #..#
#..≈≈≈≈P....≈≈≈ .... #..#
#...≈≈≈≈♣..≈≈ .... #..#
#...≈≈≈≈≈≈≈≈ .... ##..##
.....≈≈≈≈≈≈≈ . #....###
#...#..≈≈≈≈≈≈ . .......###
....##...≈≈≈. .
........<##.....##.


You could see an ogre.

Vanquished Creatures
  A sky beast (D:3)
  Terence (D:2)
  3 gnolls (D:2)
  3 adders
  2 worms
  2 dart slugs
  2 orcs
  5 bats
  7 endoplasms
  6 giant cockroaches
  5 goblins
  4 hobgoblins (D:1)
  7 jackals
  3 kobolds
  6 quokkas
  4 ball pythons
  2 frilled lizards
  3 rats
66 creatures vanquished.

Notes
Turn   | Place    | Note
-------+----------+-------------------------------------------
     0 | D:1      | Tocho the Palentonga Fighter began the quest for the Orb.
     0 | D:1      | Reached XP level 1. HP: 19/19 MP: 1/1
   110 | D:1      | Reached XP level 2. HP: 25/25 MP: 2/2
   365 | D:1      | Found a faded altar of an unknown god.
   501 | D:1      | Reached XP level 3. HP: 31/31 MP: 3/3
  1251 | D:2      | Reached skill level 3 in Axes
  1304 | D:2      | Reached XP level 4. HP: 37/37 MP: 4/4
  1901 | D:2      | Noticed Terence
  1906 | D:2      | Killed Terence
  2345 | D:3      | Noticed a sky beast
  2350 | D:3      | Killed a sky beast
  2351 | D:3      | Reached skill level 4 in Axes
  2351 | D:3      | Reached skill level 1 in Dodging
  2351 | D:3      | Reached XP level 5. HP: 44/44 MP: 5/5
  2488 | D:3      | Found an ornate altar of the Wu Jian Council.
  2626 | D:3      | Found a shimmering blue altar of Sif Muna.
  2626 | D:3      | Found an iron altar of Okawaru.
  2628 | D:3      | Found a hazy altar of Hepliaklqana.
  2628 | D:3      | Found a sacrificial altar of Ru.
  3003 | D:4      | Found a staircase to the Ecumenical Temple.
  3014 | Temple   | Entered the Ecumenical Temple
  3109 | D:4      | Noticed an ogre
  3140 | D:4      | Found a blossoming altar of Fedhas.
  3701 | D:4      | Slain by an ogre

Illustrated notes

Levels and vault maps discovered:
D:1:      dpeg_arrival_arbitrary_a, layout_basic, ebering_ecumenical_altar_mist
D:2:      layout_basic, serial_rivers, chequers_serial_rivers_micro_c,
          chequers_serial_rivers_room_a, chequers_serial_rivers_micro_c,
          chequers_serial_rivers_micro_e, chequers_serial_rivers_micro_a,
          uniq_terence
D:3:      minmay_door_path, layout_rooms, grunt_temple_overflow_open
D:4:      layout_layer_cave, fedhas_ov_isle_minmay,
          minmay_temple_entry_junction, glass_columns_b
Temple:   nicolae_temple_x_marks_the_god

Skill      XL: |  1  2  3  4 |
---------------+-------------+-----
Axes           | 3 4 |  4.6
Armour         | 3 |  3.2
Dodging        | 1 |  1.0
Fighting       | |  3.7
Shields        | |  2.7

Action                   |  1- 3 |  4- 6 || total
-------------------------+-------+-------++-------
Melee: War axe           |    69 |    86 ||   155
       Tailslap          |     8 |    10 ||    18
 Abil: Rolling Charge    |    20 |    19 ||    39
  Use: Scroll            |     2 |     1 ||     3
Armor: Scale mail        |    25 |       ||    25
       Chain mail        |    11 |    61 ||    72
Dodge: Dodged            |    35 |    28 ||    63

Table legend: (Time is in decaauts)
 A = Elapsed time spent in this place.
 B = Non-inter-level travel time spent in this place.
 C = Inter-level travel time spent in this place.
 D = Time resting spent in this place.
 E = Time spent auto-exploring this place.
 F = Levels seen in this place.
 G = Mean time per level.
                   A        B        C        D        E       F      G
               +--------+--------+--------+--------+--------+-----+--------+
         Total |   3756 |   3648 |    108 |    878 |   2172 |   5 |  751.2 |
       Dungeon |   3245 |   3146 |     99 |    451 |   2122 |   4 |  811.2 |
        Temple |    510 |    501 |      9 |    427 |     50 |   1 |  510.0 |
               +--------+--------+--------+--------+--------+-----+--------+

Top non-repeatable levels by time:
     D:1: 1211 daAuts
     D:2: 1074 daAuts
     D:3: 588 daAuts
  Temple: 510 daAuts
     D:4: 371 daAuts
